 Dungeon Crawl Stone Soup version 0.22-a0-608-g8a62e23f9f (webtiles) character file.

3175 Kholdaimon the Protected (level 9, -1/75 HPs)
             Began as a Deep Dwarf Fighter on July 9, 2018.
             Was a Follower of Makhleb.
             Slain by a two-headed ogre
             ... wielding a +0 giant club
              (19 damage)
             ... on level 8 of the Dungeon.
             The game lasted 00:45:44 (6310 turns).

Kholdaimon the Protected (Deep Dwarf Fighter)       Turns: 6310, Time: 00:45:45

Health: -1/75      AC: 12    Str: 20    XL:     9   Next: 63%
Magic:  5/5        EV:  7    Int: 12    God:    Makhleb [*.....]
Gold:   0          SH: 16    Dex: 12    Spells: 8/8 levels left

rFire    x . .     SeeInvis .   a - +0 war axe
rCold    + . .     Gourm    .   I - +0 large shield
rNeg     + . .     Faith    .   H - +2 ring mail {rN+}
rPois    .         Spirit   .   (no helmet)
rElec    .         Reflect  .   K - +0 cloak
rCorr    .         Harm     .   G - +1 pair of gloves
MR       +....                  (no boots)
Stlth    +.........             x - amulet of rage
HPRegen  0.00/turn              C - ring of ice
MPRegen  0.09/turn              (no ring)

@: non-regenerating
A: damage resistance, heal wounds, sense surroundings 2, no regeneration
a: Heal Wounds, Renounce Religion, Evoke Berserk Rage


You were on level 8 of the Dungeon.
You worshipped Makhleb.
Makhleb was aware of your devotion.
You were not hungry.

You visited 2 branches of the dungeon, and saw 9 of its levels.

Inventory:

Hand Weapons
 a - a +0 war axe (weapon)
 o - a +1 morningstar of crushing
 B - a +0 blowgun
Missiles
 b - 4 silver tomahawks
 c - 2 throwing nets
 e - 197 stones (quivered)
 l - 66 poisoned needles
 s - 114 sling bullets
 w - 4 tomahawks
Armour
 G - a +1 pair of gloves (worn)
 H - a +2 ring mail of positive energy (worn)
 I - a +0 large shield (worn)
 K - a +0 cloak (worn)
Jewellery
 x - an amulet of rage (around neck)
 C - a ring of ice (left hand)
Wands
 A - a wand of acid (5)
 F - a wand of paralysis (10)
Scrolls
 g - a scroll of fear
 h - 4 scrolls of remove curse
 i - 4 scrolls of identify
 j - a scroll of magic mapping {unknown}
 m - a scroll of teleportation
 y - 2 scrolls of immolation
Potions
 d - 4 potions of might
 k - a potion of curing {unknown}
 n - 3 potions of flight
 p - a potion of berserk rage
 q - a potion of brilliance
 t - 3 potions of heal wounds
 v - a potion of mutation
Comestibles
 f - 17 rations
 r - 3 chunks of flesh


   Skills:
 - Level 3.0 Fighting
 + Level 8.4 Axes
 + Level 8.9 Armour
 + Level 8.8 Shields
 + Level 5.0 Invocations


You had 8 spell levels left.
You didn't know any spells.
Your spell library contained the following spells:

 Spells                   Type           Power        Failure   Level  Hunger
 Mephitic Cloud           Conj/Pois/Air  #.......     100%        3    ####...
 Venom Bolt               Conj/Pois      #.........   100%        5    ######.
 Olgreb's Toxic Radiance  Pois           #.......     100%        4    #####..
 Sting                    Conj/Pois      #...         99%         1    ##.....
 Poisonous Vapours        Pois/Air       #.....       99%         2    ###....


Dungeon Overview and Level Annotations

Branches:
Dungeon (8/15)             Temple (1/1) D:5
   Lair: D:8-11

Altars:
Cheibriados
Dithmenos
Elyvilon
Hepliaklqana
Kikubaaqudgha
Makhleb
Nemelex Xobeh
Okawaru
Qazlal
Ru
Sif Muna
Vehumet
Wu Jian
Xom
Yredelemnul
Zin
The Shining One

Shops:
D:8 %

Annotations:
D:8 Maurice


Innate Abilities, Weirdness & Mutations

You are resistant to damage.
You can heal yourself by infusing magical energy.
You passively map the area around you.
You do not regenerate.


Message History

An orc priest comes into view.
You barely miss the two-headed ogre.
The two-headed ogre is heavily wounded.
The orc priest shouts!
You block the two-headed ogre's attack.
The two-headed ogre hits you with a giant club!
You hit the two-headed ogre.
The two-headed ogre is severely wounded.
You block the two-headed ogre's attack.
The two-headed ogre hits you with a giant club!
You slash the two-headed ogre!
The two-headed ogre is almost dead.
You block the two-headed ogre's attack. x2
The orc priest mumbles some strange prayers to Beogh against you.
Beogh smites you!
* * * LOW HITPOINT WARNING * * *
You hit the two-headed ogre.
The two-headed ogre is almost dead.
The two-headed ogre hits you with a giant club!!
You die...

#.##.# ### ,* #.##.# #.#
#.# * * #.##.# ... .((,
, #.##.# #.# * #.#*** *
* * ###.##.# #.# #(# *,*
* .....#.# #.# #.#
####.#.###.# #(# , . ,
#.#..##.#####.#####....
,,*
#...#......(.@OoHoo..# ,
,
#.#..#####^######o.....,
* #.#..# ..... * ##### *
#.#..# #.###.# , *
#.#..# #.* *... * ,
#)#..# # ### ,* , *
#..... ** * ###... , **,
, , ,* * * , , ** ,


You could see a two-headed ogre, a hippogriff, 2 orc priests, an orc wizard and
an orc.

Vanquished Creatures
  Pikel (D:4)
  Joseph (D:7)
  Prince Ribbit (D:8)
  Grinder (D:5)
  Sigmund (D:2)
  An ice beast (D:7)
  A slave (D:4)
  A sky beast (D:8)
  A phantom (D:7)
  An ogre (D:5)
  A bullfrog (D:8)
  5 killer bees (D:7)
  4 scorpions
  2 howler monkeys (D:6)
  A crimson imp (D:5)
  A bullfrog zombie (D:7)
  A centaur zombie (D:6)
  A centaur skeleton (D:6)
  A hound (D:4)
  2 gnoll shamans
  2 orc priests
  A jelly (D:7)
  Crazy Yiuf (D:5)
  2 bullfrog skeletons (D:7)
  An iguana (D:4)
  Ijyb (D:5)
  4 orc wizards
  3 worker ants
  A hound skeleton (D:4)
  10 gnolls
  A howler monkey skeleton (D:7)
  11 adders
  2 shadow imps
  An ooze (D:3)
  3 adder skeletons
  3 dart slugs
  7 leopard geckos
  15 orcs
  5 giant cockroaches
  7 hobgoblins
  3 jackals (D:4)
  14 kobolds
  4 quokkas
  2 ball pythons
  17 bats
  5 frilled lizards
  12 goblins
  A leopard gecko skeleton (D:5)
  13 rats
181 creatures vanquished.

Notes
Turn   | Place    | Note
-------+----------+-------------------------------------------
     0 | D:1      | Kholdaimon the Deep Dwarf Fighter began the quest for the Orb.
     0 | D:1      | Reached XP level 1. HP: 20/20 MP: 1/1
   112 | D:1      | Reached XP level 2. HP: 27/27 MP: 2/2
   502 | D:1      | Reached XP level 3. HP: 33/34 MP: 2/2
   952 | D:2      | Noticed Sigmund
  1185 | D:2      | Found an iron altar of Okawaru.
  1217 | D:2      | Reached XP level 4. HP: 34/42 MP: 3/3
  1813 | D:2      | Killed Sigmund
  1813 | D:2      | Reached XP level 5. HP: 25/49 MP: 3/3
  1990 | D:3      | Reached skill level 5 in Armour
  1990 | D:3      | Reached skill level 5 in Shields
  1990 | D:3      | Reached XP level 6. HP: 21/56 MP: 4/4
  3010 | D:4      | Reached skill level 5 in Axes
  3010 | D:4      | Reached XP level 7. HP: 46/62 MP: 3/3
  3138 | D:4      | Noticed Pikel
  3164 | D:4      | Killed Pikel
  3164 | D:4      | Reached XP level 8. HP: 42/69 MP: 4/4
  3479 | D:5      | Entered Level 5 of the Dungeon
  3589 | D:5      | Noticed Grinder
  3863 | D:5      | Paralysed by Grinder for 5 turns
  3887 | D:5      | Killed Grinder
  3923 | D:5      | Found a staircase to the Ecumenical Temple.
  3949 | Temple   | Entered the Ecumenical Temple
  3973 | Temple   | Became a worshipper of Makhleb the Destroyer
  4219 | D:5      | Found a runed door.
  4267 | D:5      | Noticed Ijyb
  4272 | D:5      | Killed Ijyb
  4369 | D:5      | Noticed Crazy Yiuf
  4377 | D:5      | Killed Crazy Yiuf
  4546 | D:6      | Found a basalt altar of Yredelemnul.
  4584 | D:6      | Reached skill level 1 in Invocations
  4636 | D:6      | Found an ornate altar of the Wu Jian Council.
  5210 | D:7      | Gained mutation: You passively map the area around you. [Deep Dwarf growth]
  5210 | D:7      | Reached XP level 9. HP: 63/75 MP: 4/4
  5240 | D:7      | Noticed Joseph
  5264 | D:7      | Killed Joseph
  5390 | D:7      | Reached * piety under Makhleb
  6096 | D:8      | Noticed Prince Ribbit
  6119 | D:8      | Killed Prince Ribbit
  6143 | D:8      | Found Weqory's Food Shop.
  6157 | D:8      | Reached skill level 5 in Invocations
  6245 | D:8      | Noticed Maurice
  6296 | D:8      | Noticed a two-headed ogre
  6310 | D:8      | Slain by a two-headed ogre

Vault maps used:
D:1:      dpeg_arrival_shelter, minmay_tripent
D:2:      bh_chokoban, okawaru_ov_weapons_minmay, uniq_sigmund
D:3:      first_ration, minmay_close_crescents
D:4:      kennysheep_cluttered_room, uniq_pikel
D:5:      minmay_temple_entry_glassed_door, corexii_corridor_pit, uniq_ijyb,
          uniq_grinder, uniq_crazy_yiuf_cottage
D:6:      yredelemnul_altar_generic, basic_altar, minmay_door_square
D:7:      st_stairs_8, uniq_joseph
D:8:      serial_shops, nicolae_shop_waterfront, basic_altar, the_bakery,
          uniq_maurice, uniq_prince_ribbit1
Temple:   nicolae_temple_the_god_donut

Skill      XL: |  1  2  3  4  5  6  7  8  9 |
---------------+----------------------------+-----
Fighting       | 3 |  3.0
Axes           | 3 4 5 6 7 8 |  8.4
Armour         | 4 5 6 8 |  8.9
Shields        | 4 5 6 8 |  8.8
Invocations    | 2 5 |  5.0

Action                   |  1- 3 |  4- 6 |  7- 9 || total
-------------------------+-------+-------+-------++-------
Melee: War axe           |   168 |   206 |   432 ||   806
Throw: Stone             |     3 |    15 |    40 ||    58
 Abil: Heal Wounds       |     1 |     5 |    14 ||    20
  Use: Scroll            |       |       |    15 ||    15
  Eat: Chunk             |       |     8 |     9 ||    17
       Ration            |       |       |     1 ||     1
Armor: Scale mail        |    86 |    75 |    33 ||   194
       Ring mail         |       |       |   103 ||   103
Dodge: Dodged            |    56 |    60 |   126 ||   242
Block: Shield            |   110 |    93 |    60 ||   263
       Large shield      |       |       |   273 ||   273

Table legend:
 A = Spawn XP
 B = Non-spawn XP
 C = Spawn XP percentage of total XP
 D = Spawn monster count
 E = Non-spawn monster count
 F = Spawn count percentage of total count
 G = Total turns spent on level
                    A         B        C        D         E        F      G
               +---------+---------+-------+---------+---------+-------+---------
         Total |       0 |    4536 |   0.0 |       0 |     180 |   0.0 |  6310
               +---------+---------+-------+---------+---------+-------+---------
           D:1 |       0 |      55 |   0.0 |       0 |      33 |   0.0 |  1092
           D:2 |       0 |     304 |   0.0 |       0 |      30 |   0.0 |   811
           D:3 |       0 |     223 |   0.0 |       0 |      32 |   0.0 |   886
           D:4 |       0 |     888 |   0.0 |       0 |      21 |   0.0 |   742
           D:5 |       0 |     780 |   0.0 |       0 |      17 |   0.0 |   855
           D:6 |       0 |     460 |   0.0 |       0 |      21 |   0.0 |   730
           D:7 |       0 |    1269 |   0.0 |       0 |      19 |   0.0 |   835
           D:8 |       0 |     557 |   0.0 |       0 |       7 |   0.0 |   311
               +---------+---------+-------+---------+---------+-------+---------
